 Dungeon Crawl Stone Soup version 0.28.0-45-g0d030f2227 (webtiles) character file.

Game seed: 5706615558885783362

75 MisterFreud the Digger (level 4, -3/33 HPs)
             Began as a Ghoul Earth Elementalist on Apr 12, 2022.
             Slain by a gnoll
             ... wielding a +1 flail of holy wrath
              (13 damage)
             ... on level 2 of the Dungeon.
             The game lasted 00:05:03 (3765 turns).

MisterFreud the Digger (Ghoul Earth Elementalist)   Turns: 3765, Time: 00:05:04

Health: -3/33      AC:  4    Str: 11    XL:     4   Next: 31%
Magic:  3/7        EV: 12    Int: 12    God:
Gold:   42         SH:  0    Dex:  9    Spells: 2/8 levels left

rFire   . . .      SeeInvis .   d - +0 dagger
rCold   + . .      Faith    .   (no shield)
rNeg    + + +      Spirit   .   b - +0 robe
rPois   ∞          Reflect  .   (no helmet)
rElec   .          Harm     .   (no cloak)
rCorr   .          Rampage  .   (no gloves)
Will    .....                   i - +1 pair of boots
Stlth   ++........              (no amulet)
HPRegen 0.00/turn               (no ring)
MPRegen 0.10/turn               (no ring)

@: inhibited regen
A: claws 1, cold resistance 1, negative energy resistance 3, inhibited
regeneration, torment resistance 2
a: no special abilities


You were on level 2 of the Dungeon.
You visited 1 branch of the dungeon, and saw 2 of its levels.

You collected 42 gold pieces.

Inventory:

Hand Weapons
 d - a +0 dagger (weapon)
Missiles
 c - 14 stones
Armour
 b - a +0 robe (worn)
 i - a +1 pair of boots (worn)
Scrolls
 e - 3 scrolls of identify {unknown}
 f - a scroll of amnesia {unknown}
 g - 2 scrolls of teleportation {unknown}
 h - a scroll of enchant weapon {unknown}
Potions
 a - a potion of cancellation {unknown}


   Skills:
 - Level 1.8 Dodging
 - Level 2.2 Stealth
 + Level 2.8 Spellcasting
 + Level 0.3 Conjurations
 - Level 1.0 Transmutations
 + Level 4.4 Earth Magic


You had 2 spell levels left.
You knew the following spells:

 Your Spells              Type           Power      Damage    Failure   Level
a - Sandblast             Erth           24%        2d8       4%          1
b - Stone Arrow           Conj/Erth      14%        3d7       28%         3
c - Passwall              Tmut/Erth      6%         N/A       13%         2

Your spell library contained the following spells:

 Spells                   Type           Power      Damage    Failure   Level
 Ignite Poison            Fire/Tmut/Pois 2%         N/A       54%         3
 Confusing Touch          Hex            1%         N/A       58%         3
 Mephitic Cloud           Conj/Pois/Air  1%         N/A       58%         3
 Petrify                  Tmut/Erth      8%         N/A       63%         4
 Yara's Violent Unravell  Hex/Tmut       1%         3d3       99%         5
 Freezing Cloud           Conj/Ice/Air   0%         6-21      100%        5
 Enfeeble                 Hex            0%         N/A       100%        7


Dungeon Overview and Level Annotations

Branches:
Dungeon (2/15)

Altars:
Elyvilon


Innate Abilities, Weirdness & Mutations

You thrive by killing the living.
You are immune to poison.
You have sharp fingernails.
Your flesh is cold resistant. (rC+)
You are immune to negative energy. (rN+++)
You do not regenerate when monsters are visible.
You are immune to unholy pain and torment.


Message History

Unknown command.
Unknown command.
Casting: Sandblast (safe; 4% risk of failure)
Confirm with . or Enter, or press ? or * to list all spells.
Aiming: Sandblast (safe; 4% risk of failure)
Press: ? - help, Shift-Dir - straight line, f - gnoll
Aim: a gnoll, wielding a +0 spear (82% to hit)
The blast of sand hits the gnoll.
The gnoll is heavily wounded.
The gnoll hits you but does no damage.
Unknown command.
Casting: Sandblast (safe; 4% risk of failure)
Confirm with . or Enter, or press ? or * to list all spells.
Aiming: Sandblast (safe; 4% risk of failure)
Press: ? - help, Shift-Dir - straight line, f/p - gnoll
Aim: a gnoll, wielding a +0 spear (heavily wounded, 82% to hit)
The blast of sand misses the gnoll.
The gnoll hits you with a +1 flail of holy wrath!
You convulse.
The gnoll hits you from afar with a +0 spear.
Casting: Sandblast (safe; 4% risk of failure)
Confirm with . or Enter, or press ? or * to list all spells.
Aiming: Sandblast (safe; 4% risk of failure)
Press: ? - help, Shift-Dir - straight line, f/p - gnoll
Aim: a gnoll, wielding a +0 spear (heavily wounded, 82% to hit)
The blast of sand hits the gnoll.
The gnoll is almost dead.
The gnoll closely misses you. x2
Unknown command.
Casting: Sandblast (safe; 4% risk of failure)
Confirm with . or Enter, or press ? or * to list all spells.
Aiming: Sandblast (safe; 4% risk of failure)
Press: ? - help, Shift-Dir - straight line, f/p - gnoll
Aim: a gnoll, wielding a +0 spear (almost dead, 82% to hit)
The blast of sand hits the gnoll.
You kill the gnoll!
You feel better.
The gnoll hits you with a +1 flail of holy wrath!
You convulse!
You die...

#...#.._..## #.#.#...)..#.#.#
#...#......###.#.#......###.#
..###...........##.#.#.....)....#
...................#.#......#####
#....)...)####.############
#.........# #.##........##
#.........# #.##........##
#........g#######''###...##
#.......).@...#≈≈..≈≈#...#.
#.............#≈....≈#...#.
#.............#≈....≈#####.
##########....#≈....≈#.....
##....#≈)...≈######
#...<.#≈≈..≈≈# #.....###''####
#...#.........# #...#.........#


You could see a gnoll.

Vanquished Creatures
  3 gnolls
  2 adders (D:2)
  2 dart slugs (D:1)
  An endoplasm (D:1)
  A giant cockroach (D:1)
  5 goblins
  4 hobgoblins (D:1)
  2 kobolds
  2 quokkas
  4 ball pythons
  2 bats
  4 frilled lizards
  3 rats
35 creatures vanquished.

Notes
Turn   | Place    | Note
-------+----------+-------------------------------------------
     0 | D:1      | MisterFreud the Ghoul Earth Elementalist began the quest
                  | for the Orb.
     0 | D:1      | Reached XP level 1. HP: 14/14 MP: 2/2
    79 | D:1      | Reached skill level 1 in Transmutations
   271 | D:1      | Found a faded altar of an unknown god.
   621 | D:1      | Reached XP level 2. HP: 20/20 MP: 4/4
  1583 | D:1      | Reached XP level 3. HP: 11/26 MP: 5/5
  2241 | D:2      | Reached skill level 4 in Earth Magic
  3310 | D:2      | Learned a level 3 spell: Stone Arrow
  3313 | D:2      | Learned a level 2 spell: Passwall
  3338 | D:2      | Reached XP level 4. HP: 9/33 MP: 0/7
  3765 | D:2      | Slain by a gnoll

Illustrated notes

Levels and vault maps discovered:
D:1:      zaba_arrival_water, layout_basic, dreamdust_ecumenical_altar_statues
D:2:      layout_basic, basic_altar, kennysheep_generic_room_12

Skill      XL: |  1  2  3 |
---------------+----------+-----
Transmutations | 1 |  1.0
Spellcasting   | 2 |  2.8
Earth Magic    | 4 |  4.4
Dodging        | |  1.8
Stealth        | |  2.2
Conjurations   | |  0.3

Action                   |  1- 3 |  4- 6 || total
-------------------------+-------+-------++-------
Melee: Unarmed           |    35 |       ||    35
       Dagger            |   103 |       ||   103
       Punch             |     1 |       ||     1
 Cast: Sandblast         |    19 |     6 ||    25
 Stab: Sleeping          |     3 |       ||     3
Armor: Robe              |    16 |     2 ||    18
Dodge: Dodged            |    81 |     3 ||    84
